 Dungeon Crawl Stone Soup version 0.24.0-125-gc4c63601f3 (webtiles) character file.

Game seed: 8661641700517352916, levelgen mode: deterministic

185 Ezendos the Digger (level 5, -2/30 HPs)
             Began as a Gargoyle Earth Elementalist on Mar 13, 2020.
             Slain by Crazy Yiuf
             ... wielding a +4 quarterstaff of chaos
              (11 damage)
             ... on level 3 of the Dungeon.
             The game lasted 00:09:27 (3446 turns).

Ezendos the Digger (Gargoyle Earth Elementalist)    Turns: 3446, Time: 00:09:27

Health: -2/30      AC:  9    Str: 11    XL:     5   Next: 64%
Magic:  12/18      EV: 12    Int: 17    God:
Gold:   135        SH:  0    Dex: 10    Spells: 3/9 levels left

rFire    . . .     SeeInvis .   a - +2 short sword (drain)
rCold    . . .     Gourm    .   (no shield)
rNeg     + . .     Faith    .   c - +0 robe
rPois    ∞         Spirit   .   (no helmet)
rElec    +         Reflect  .   j - +2 cloak {+Inv}
rCorr    .         Harm     .   (no gloves)
MR       .....                  (no boots)
Stlth    ++........             (no amulet)
HPRegen  0.10/turn              m - ring of magical power
MPRegen  0.16/turn              (no ring)

@: very slightly contaminated, starving
A: negative energy resistance 1, electricity resistance, unbreathing,
petrification resistance, rot immunity, AC +4
a: Evoke Invisibility


You were on level 3 of the Dungeon.
You were starving.

You visited 1 branch of the dungeon, and saw 3 of its levels.

You collected 135 gold pieces.

Inventory:

Hand Weapons
 a - a +2 short sword of draining (weapon)
Missiles
 b - 94 stones (quivered)
 l - 39 poisoned darts
Armour
 c - a +0 robe (worn)
 j - a +2 cloak of invisibility (worn)
 p - a +0 ring mail
Magical Staves
 n - an uncursed staff of death
Jewellery
 m - a ring of magical power (left hand)
Scrolls
 e - a scroll of immolation {unknown}
 f - a scroll of remove curse
 i - 2 scrolls of fear
 q - 2 scrolls of teleportation
Potions
 g - a potion of agility {unknown}
 h - 2 potions of curing
 k - a potion of lignification {unknown}
 o - a potion of degeneration {unknown}
Comestibles
 d - 9 rations


   Skills:
 + Level 2.0 Fighting
 - Level 1.1 Armour
 - Level 1.9 Dodging
 - Level 2.1 Stealth
 + Level 2.7 Spellcasting
 * Level 2.5 Conjurations
 - Level 0.7 Transmutations
 * Level 5.0 Earth Magic


You had 3 spell levels left.
You knew the following spells:

 Your Spells              Type           Power        Failure   Level  Hunger
a - Sandblast             Erth           ###...       2%          1    #......
b - Stone Arrow           Conj/Erth      ###...       12%         3    ###....
A - Passwall              Tmut/Erth      ##......     9%          2    ##.....

Your spell library contained the following spells:

 Spells                   Type           Power        Failure   Level  Hunger
 Petrify                  Tmut/Erth      ##......     47%         4    #####..
 Lee's Rapid Deconstruct  Erth           ###.......   52%         5    ######.


Dungeon Overview and Level Annotations

Branches:
Dungeon (3/15)

Altars:
Cheibriados
Fedhas
Kikubaaqudgha
Trog

Annotations:
D:3 2 transporters, 1 exclusion, Crazy Yiuf; Sigmund; infcreate's ghost, amateur DECj


Innate Abilities, Weirdness & Mutations

You are resistant to torment.
Your stone body is resilient. (AC +4)
You are immune to poison.
You resist negative energy. (rN+)
You are resistant to electric shocks. (rElec)
You can survive without breathing.
You are immune to petrification.
You are immune to rotting.


Message History

Confirm with . or Enter, or press ? or * to list all spells.
Aiming: Stone Arrow (safe; 12% risk of failure)
Press: ? - help, Shift-Dir - straight line, f - Crazy Yiuf
Aim: Crazy Yiuf, wielding a +4 quarterstaff of chaos and wearing a +0 cloak (unusually strong)
You miscast Stone Arrow.
You are very lightly contaminated with residual magic.
Your skin tingles.
Casting: Stone Arrow (safe; 12% risk of failure)
Confirm with . or Enter, or press ? or * to list all spells.
Aiming: Stone Arrow (safe; 12% risk of failure)
Press: ? - help, Shift-Dir - straight line, f/p - Crazy Yiuf
Aim: Crazy Yiuf, wielding a +4 quarterstaff of chaos and wearing a +0 cloak (unusually strong)
The stone arrow misses Crazy Yiuf.
You are starving!
Crazy Yiuf says, "Cholesterol canine pontify!"
Crazy Yiuf hits you with a +4 quarterstaff of chaos!!
Ouch! That really hurt!
* * * LOW HITPOINT WARNING * * *
Crazy Yiuf freezes you!
You die...

.........#####....######
.........# #....#
...##.##.# ♣....♣
...##.##.# ♣...♣♣
©..##.##.### ♣♣.♣♣
...##......# ♣.♣♣
...........# ♣♣.♣
...........# ♣.♣♣
...........# ♣♣@♣
.#.........# #g#
....#......# ...
...........# #...#
...#..###### #..)#
.....>..# #####
........# ........#
........#


You could see Crazy Yiuf.

Vanquished Creatures
  Jessica (D:3)
  4 gnolls
  3 adders
  An ooze (D:1)
  3 worms (D:2)
  2 dart slugs (D:1)
  5 leopard geckos
  A giant cockroach (D:2)
  12 goblins
  6 hobgoblins
  A quokka (D:2)
  2 ball pythons
  12 bats
  6 frilled lizards
  7 kobolds
  10 rats
76 creatures vanquished.

Vanquished Creatures (others)
  A plant (D:3)
1 creature vanquished.

Grand Total: 77 creatures vanquished

Notes
Turn   | Place    | Note
-------+----------+-------------------------------------------
     0 | D:1      | Ezendos the Gargoyle Earth Elementalist began the quest for
                  | the Orb.
     0 | D:1      | Reached XP level 1. HP: 10/10 MP: 3/3
   300 | D:1      | Reached XP level 2. HP: 16/16 MP: 1/5
   372 | D:1      | Reached skill level 4 in Earth Magic
   415 | D:1      | Learned a level 2 spell: Passwall
   575 | D:1      | Reached XP level 3. HP: 20/20 MP: 2/6
   646 | D:1      | Reached skill level 1 in Fighting
   646 | D:1      | Reached skill level 1 in Armour
  1126 | D:1      | Learned a level 3 spell: Stone Arrow
  1428 | D:2      | Reached XP level 4. HP: 25/25 MP: 7/7
  1533 | D:2      | Reached skill level 1 in Conjurations
  1794 | D:2      | Found an ancient bone altar of Kikubaaqudgha.
  1794 | D:2      | Found a blossoming altar of Fedhas.
  1795 | D:2      | Found a bloodstained altar of Trog.
  1948 | D:2      | Reached XP level 5. HP: 30/30 MP: 5/8
  2446 | D:3      | Found a transporter.
  2716 | D:3      | Found a snail-covered altar of Cheibriados.
  2751 | D:3      | Found a transporter.
  2751 | D:3      | Noticed infcreate's ghost (amateur DECj)
  2815 | D:3      | Noticed Jessica
  2817 | D:3      | Killed Jessica
  2817 | D:3      | Reached skill level 5 in Earth Magic
  3064 | D:3      | Found a runed translucent door.
  3065 | D:3      | Noticed Crazy Yiuf
  3170 | D:3      | Noticed a sky beast
  3212 | D:3      | Noticed Sigmund
  3239 | D:3      | Found a faded altar of an unknown god.
  3446 | D:3      | Slain by Crazy Yiuf

Levels and vault maps discovered:
D:1:      lightli_arrival_farm, layout_rooms, chequers_decorated_corner,
          minmay_vboxes
D:2:      layout_basic, grunt_temple_overflow_open, minmay_pentomino_o4
D:3:      minmay_door_path, layout_basic, lemuel_doored_altar,
          gammafunk_ghost_mausoleum, chequers_ecumenical_altar_lobes,
          uniq_jessica, uniq_crazy_yiuf_cottage, uniq_sigmund

Skill      XL: |  1  2  3  4  5 |
---------------+----------------+-----
Earth Magic    | 4 5 |  5.0
Fighting       | 1 2 |  2.0
Armour         | 1 |  1.1
Conjurations   | 1 2 |  2.5
Dodging        | |  1.9
Stealth        | |  2.1
Spellcasting   | |  2.7
Transmutations | |  0.7

Action                   |  1- 3 |  4- 6 || total
-------------------------+-------+-------++-------
Melee: Unarmed           |    18 |       ||    18
       Club              |    18 |       ||    18
       Dagger            |    66 |    52 ||   118
       Short sword       |       |    21 ||    21
 Cast: Sandblast         |    32 |    32 ||    64
       Stone Arrow       |       |     2 ||     2
  Use: Scroll            |       |     4 ||     4
 Stab: Sleeping          |     3 |     6 ||     9
  Eat: Chunk             |     1 |     6 ||     7
Armor: Robe              |    40 |    22 ||    62
Dodge: Dodged            |    84 |    57 ||   141
